Map: Kairos Junction LE

Players

Odin - Winner!

  • Race: Terran Terran
  • League: Gold
  • Spawn Location: 5:00

keyser

  • Race: Terran Terran
  • League: Gold
  • Spawn Location: 11:00

VOD

Have the link to the VOD?

Description

Time

  • Played on: Dec. 7, 2018, 3:41 a.m.
  • Length: 7:01
Show
View Real Time Build Order
Export as new Build Order

Odin Terran - Winner!

Build Orders: Banshee Rush 

Get SALT Encoding   

  12  0:01  SCV  
  13  0:14  Supply Depot  
  13  0:18  SCV  
  14  0:31  Supply Depot  
  14  0:34  SCV  
  15  0:44  Barracks  
  15  0:48  SCV  
  16  1:05  Refinery  
  16  1:08  Refinery, SCV  
  17  1:20  SCV  
  18  1:34  SCV  
  18  1:39  Barracks  
  19  1:43  Reaper  
  19  1:46  SCV  
  21  2:01  Factory  
  21  2:09  Orbital Command  
  21  2:23  Barracks Tech Lab  
  21  2:28  Barracks Reactor  
  21  2:44  SCV  
  22  2:45  Factory Tech Lab  
  22  2:48  Starport  
  22  2:56  SCV  
  23  3:11  SCV  
  23  3:15  Command Center  
  23  3:22  Marine x2  
  25  3:35  Factory Tech Lab, Banshee  
  28  3:43  Cloaking Field  
  28  3:49  Marauder  
  30  4:00  SCV  
  31  4:20  Marine x2, Banshee  
  31  4:21  Supply Depot  
  36  4:30  SCV  
  37  4:31  Orbital Command  
  37  4:39  Siege Tank  
  37  4:45  SCV  
  41  4:51  Supply Depot  
  41  5:06  Engineering Bay  
  41  5:10  SCV x2  
  43  5:25  Refinery  
  43  5:28  SCV x2  
  45  5:32  Banshee  
  48  5:40  Missile Turret, SCV x2  
  50  5:59  Siege Tank  
Show
View Real Time Build Order
Export as new Build Order

keyser Terran 

Build Orders:  

Get SALT Encoding   

  12  0:01  SCV  
  13  0:13  SCV  
  14  0:17  Supply Depot  
  14  0:27  SCV  
  15  0:40  Barracks  
  15  0:41  Refinery  
  15  0:45  SCV  
  16  0:57  SCV  
  17  1:12  Refinery  
  17  1:15  SCV  
  18  1:27  Orbital Command  
  18  1:31  Reaper, Supply Depot  
  19  1:41  Barracks  
  19  1:55  SCV  
  20  2:01  Factory  
  20  2:06  Marine  
  21  2:13  SCV  
  22  2:25  SCV  
  23  2:37  Marine, Barracks Tech Lab  
  23  2:44  Engineering Bay  
  24  2:45  Factory Tech Lab  
  24  2:48  Starport  
  24  2:56  Marine  
  27  3:04  Marine  
  26  3:08  Combat Shield  
  26  3:10  SCV  
  26  3:12  Siege Tank  
  30  3:14  Marine  
  31  3:30  Starport Tech Lab  
  31  3:31  Starport Reactor  
  31  3:38  Barracks  
  31  3:39  Barracks Reactor  
  31  3:50  Supply Depot  
  31  3:52  Supply Depot  
  31  4:10  Supply Depot  
  31  4:11  Siege Tank  
  31  4:12  Supply Depot  
  31  4:15  Supply Depot  
  31  4:16  Marine x2  
  36  4:18  Medivac  
  38  4:25  Medivac  
  40  4:33  Barracks Tech Lab  
  40  4:39  SCV  
  41  4:48  Viking  
  43  5:00  Liberator  
  46  5:22  Ghost Academy  
  46  5:29  Marine x2  
  46  5:30  Marine x2  
  50  5:47  Marine x2  
  28  6:46  SCV  
Tags
 
League
GoldGold
Matchup
TvT
Race
Terran
Spawn Locations
Cross Positions
Strategy
Banshee Rush
Add a new tag
Caveats
  • Supply blocks, unpowered buildings, or Contaminate may cause inaccurate times.
  • Supply counts are checked every 10 seconds.